 Dungeon Crawl Stone Soup version 0.18.1-5-g4a78601 (webtiles) character file.

133 ishellstrike the Shield-Bearer (level 5, -4/33 HPs)
             Began as a Gargoyle Fighter on May 9, 2016.
             Was an Initiate of Cheibriados.
             Killed from afar by Sigmund (8 damage)
             ... with a magic dart
             ... on level 3 of the Dungeon.
             The game lasted 00:14:02 (1995 turns).

ishellstrike the Shield-Bearer (Gargoyle Fighter)   Turns: 1995, Time: 00:14:02

Health: -4/33      AC: 11    Str: 21    XL:     5   Next: 16%
Magic:  5/5        EV:  8    Int: 10    God:    Cheibriados [......]
Gold:   188        SH:  9    Dex: 10    Spells: 0 memorised, 4 levels left

rFire  . . .     SeeInvis .     a - +0 flail
rCold  . . .     Gourm    .     b - +0 scale mail
rNeg   + . .     Faith    .     c - +0 shield
rPois  ∞         Spirit   .     (no helmet)
rElec  +         Dismiss  .     (no cloak)
rCorr  .         Reflect  .     (no gloves)
SustAt .         Harm     .     (no boots)
MR     .....                    (no amulet)
Stlth  ..........               (no ring)
                                (no ring)

@: very slow, not resistant to hostile enchantments, extremely unstealthy
A: negative energy resistance 1, electricity resistance, unbreathing,
petrification resistance, rot immunity, AC +4
a: Bend Time, Renounce Religion


You were on level 3 of the Dungeon.
You worshipped Cheibriados.
Cheibriados was noncommittal.
You were not hungry.

You visited 1 branch of the dungeon, and saw 3 of its levels.

You collected 188 gold pieces.

Inventory:

Hand Weapons
 a - a +0 flail (weapon)
Armour
 b - a +0 scale mail (worn)
 c - a +0 shield (worn)
Jewellery
 e - a cursed -3 ring of evasion {unknown}
Scrolls
 f - a scroll of recharging {unknown}
 g - 7 scrolls of identify {unknown}
 h - 2 scrolls of immolation {unknown}
 j - a scroll of enchant weapon {unknown}
 k - a scroll of random uselessness {unknown}
 l - a scroll of remove curse {unknown}
 n - 2 scrolls of amnesia {unknown}
 o - a scroll of fear {unknown}
Potions
 d - a potion of might
 i - a potion of lignification {unknown}
 s - a potion of berserk rage {unknown}
Comestibles
 m - a beef jerky
 p - a royal jelly
 r - 4 fruits


   Skills:
 + Level 4.0 Fighting
 + Level 2.6 Maces & Flails
 + Level 3.8 Armour
 + Level 1.4 Dodging
 + Level 4.4 Shields


You had 4 spell levels left.
You didn't know any spells.

Dungeon Overview and Level Annotations

Branches:
Dungeon (3/15)

Altars:
Cheibriados

Annotations:
D:3 Sigmund


Innate Abilities, Weirdness & Mutations

You are resistant to torment.
Your stone body is resilient (AC +4).
You are immune to poison.
You resist negative energy.
You are resistant to electric shocks.
You can survive without breathing.
You are immune to petrification.
You are immune to rotting.


Message History

Something hits you! Something hits you but does no damage.
A puff of flame appears from out of thin air!
The puff of flame hits you!
A magic dart appears from out of thin air!
The magic dart hits you!
A puff of flame appears from out of thin air!
The puff of flame hits you!
* * * LOW HITPOINT WARNING * * *
You drop 4 chunks of flesh.
Something completely misses you.
Drop what? 18/52 slots (_ for help) (? for menu, Esc to quit)
Okay, then.
Sigmund appears from thin air!
Reactivating autopickup.
Sigmund barely misses you.
You barely miss Sigmund.
Sigmund is heavily wounded.
Sigmund casts a spell at you. The magic dart hits you!
You die...

#...#.##### #....#
.#.#.#.#######....#
..................#
#....#....#####.###
.......##.#####..#####..
........)....÷..........
.#..<#....######.###...
#..##..### #@## .
+........######@.#
####..#.......%..# ....
..........# .##.#
..........## <.
..#######).# # ##.##
#..# #.# ###'####.#
#......#.#######


You could see Sigmund.

Vanquished Creatures
  5 adders
  A gnoll (D:1)
  A worm (D:2)
  6 dart slugs
  3 giant geckos
  6 bats
  A giant cockroach (D:1)
  8 hobgoblins
  8 jackals (D:1)
  8 kobolds
  4 giant newts (D:1)
  6 goblins
  4 rats
61 creatures vanquished.

Notes
Turn   | Place    | Note
--------------------------------------------------------------
     0 | D:1      | ishellstrike the Gargoyle Fighter began the quest for the Orb.
     0 | D:1      | Reached XP level 1. HP: 14/14 MP: 1/1
   305 | D:1      | Reached XP level 2. HP: 17/19 MP: 2/2
   510 | D:1      | Reached XP level 3. HP: 21/23 MP: 3/3
   712 | D:1      | Reached skill level 1 in Dodging
  1041 | D:2      | Reached XP level 4. HP: 23/29 MP: 4/4
  1202 | D:2      | Found a snail-covered altar of Cheibriados.
  1615 | D:2      | Became a worshipper of Cheibriados the Contemplative
  1774 | D:3      | Reached XP level 5. HP: 33/33 MP: 5/5
  1957 | D:3      | Noticed Sigmund
  1995 | D:3      | Killed from afar by Sigmund

Skill      XL: |  1  2  3  4 |
---------------+-------------+-----
Dodging        | 1 |  1.4
Shields        | 4 |  4.4
Fighting       | 4 |  4.0
Maces & Flails | |  2.6
Armour         | |  3.8

Action                   |  1- 3 |  4- 6 || total
-------------------------+-------+-------++-------
Melee: Flail             |   164 |   132 ||   296
  Eat: Bread ration      |     1 |       ||     1
Armor: Scale mail        |   127 |    75 ||   202
Dodge: Dodged            |   118 |    44 ||   162
Block: Shield            |   145 |    82 ||   227
